 Dungeon Crawl Stone Soup version 0.32-a0-999-gfa1cc04b1d (webtiles) character file.

Game seed: 5578911269455047181

261220 Revguard the Severer (level 19, -1/170 HPs)
             Began as a Ghoul Monk on Apr 25, 2024.
             Was a High Priest of Yredelemnul.
             Killed from afar by a deep elf sorcerer (44 damage)
             ... with damnation
             ... on level 1 of the Elven Halls.
             The game lasted 02:39:47 (30291 turns).

Revguard the Severer (Ghoul Monk)                  Turns: 30291, Time: 02:39:48

Health: -1/170     AC: 23    Str: 27    XL:     19   Next: 65%
Magic:  28/28      EV: 18    Int:  9    God:    Yredelemnul [*****.]
Gold:   2797       SH: 26    Dex: 14    Spells: 18/18 levels left

rFire   + + .        F - +6 broad axe (freeze)
rCold   + + +        V - +3 tower shield
rNeg    + + +        Y - +1 scale mail of Freedom {rF++ rC+++ Dex-2 Stlth+}
rPois   ∞            d - +5 helmet of Xemp {rElec rC+ rN++ SInv}
rElec   +            M - scarf {repulsion}
rCorr   +            h - +1 pair of gloves of Fortification {rCorr Dex+3}
SInv    +            P - +1 pair of boots {Fly}
Will    +....        r - amulet of reflection
Stlth   +            B - +6 ring of strength
HPRegen 0.00/turn    x - +5 ring of evasion
MPRegen 0.21/turn

%: repel missiles, reflection
@: flying, inhibited regen, wreathed by umbra, studying 2 skills
A: claws 1, cold resistance 1, negative energy resistance 3, inhibited
regeneration, torment resistance 2, devour on kill
}: 2/15 runes: decaying, gossamer
a: Renounce Religion, Light the Black Torch, Recall Undead Harvest, Hurl
Torchlight, Bind Soul, Fathomless Shackles


You were on level 1 of the Elven Halls.
You worshipped Yredelemnul.
Yredelemnul was pleased with you.
You visited 7 branches of the dungeon, and saw 32 of its levels.
You visited the Abyss 1 time.
You also visited: Gauntlet and Ice Cave.

You collected 4289 gold pieces.
You spent 1492 gold pieces at shops.

Inventory:

Hand Weapons
 F - a +6 broad axe of freezing (weapon)
Missiles
 D - 7 throwing nets
Armour
 d - the +5 helmet of Xemp (worn) {rElec rC+ rN++ SInv}
   (You acquired it on level 6 of the Dungeon)

   rC+:       It protects you from cold.
   rElec:     It insulates you from electricity.
   rN++:      It greatly protects you from negative energy.
   SInv:      It lets you see invisible.
 h - the +1 pair of gloves of Fortification (worn) {rCorr Dex+3}
   (You acquired it on level 6 of the Dungeon)

   Dex+3:     It affects your dexterity (+3).
   rCorr:     It protects you from acid and corrosion.
 M - a scarf of repulsion (worn)
 P - a +1 pair of boots of flying (worn)
 V - a +3 tower shield (worn)
 Y - the +1 scale mail of Freedom (worn) {rF++ rC+++ Dex-2 Stlth+}
   (You found it on level 13 of the Dungeon)

   Dex-2:     It affects your dexterity (-2).
   rF++:      It greatly protects you from fire.
   rC+++:     It renders you almost immune to cold.
   Stlth+:    It makes you more stealthy.
Jewellery
 r - an amulet of reflection (around neck)
 x - a +5 ring of evasion (right hand)
 B - a +6 ring of strength (left hand)
Wands
 q - a wand of mindburst (12) (quivered)
 v - a wand of paralysis (57)
 w - a wand of warping (47)
 C - a wand of flame (33)
 G - a wand of light (7)
 X - a wand of polymorph (23)
Scrolls
 c - 3 scrolls of fog
 i - 9 scrolls of identify
 m - 12 scrolls of teleportation
 n - 6 scrolls of immolation
 o - 6 scrolls of butterflies
 t - 3 scrolls of revelation
 H - 4 scrolls of poison
 L - a scroll of blinking
 Q - a scroll of enchant armour
 U - 2 scrolls of silence
Potions
 a - 10 potions of curing
 e - 7 potions of attraction
 f - a potion of invisibility
 g - 3 potions of magic
 j - 2 potions of enlightenment
 k - 4 potions of might
 l - 4 potions of haste
 u - 4 potions of brilliance
 z - 5 potions of ambrosia
 J - 5 potions of heal wounds
 R - 2 potions of cancellation
 T - 2 potions of resistance
Miscellaneous
 p - a box of beasts (inert)
 s - a phial of floods
 E - a lightning rod (4/4)
 N - a tin of tremorstones (2/2)
 O - a phantom mirror


   Skills:
 + Level 15.2 Fighting
 * Level 15.4 Axes
 + Level 15.2 Armour
 + Level 11.5 Dodging
 + Level 13.9 Shields
 + Level 13.2 Invocations
 + Level 11.2 Evocations


You had 18 spell levels left.
You didn't know any spells.
Your spell library contained the following spells:

 Spells                   Type           Power      Damage    Failure   Level
 Magic Dart               Conj           0%         1d3       86%         1
 Jinxbite                 Hex            0%         N/A       95%         2
 Lesser Beckoning         Tloc           0%         N/A       95%         2
 Searing Ray              Conj           0%         2d4       95%         2
 Inner Flame              Hex/Fire       0%         N/A       99%         3
 Maxwell's Portable Pile  Tloc           0%         2d(5-13)  99%         3
 Teleport Other           Tloc           0%         N/A       99%         3
 Volatile Blastmotes      Fire/Tloc      0%         2d10      99%         3
 Animate Armour           Summ/Erth      0%         N/A       100%        4
 Brom's Barrelling Bould  Conj/Erth      0%         2d3       100%        4
 Fulminant Prism          Conj/Alch      0%         3d5       100%        4
 Leda's Liquefaction      Alch/Erth      0%         N/A       100%        4
 Petrify                  Alch/Erth      0%         N/A       100%        4
 Vhi's Electric Charge    Tloc/Air       0%         N/A       100%        4
 Arcjolt                  Conj/Air       0%         1d10      100%        5
 Irradiate                Conj/Alch      0%         3d11      100%        5
 Lee's Rapid Deconstruct  Erth           0%         3d4*      100%        5
 Metabolic Englaciation   Hex/Ice        0%         N/A       100%        5
 Yara's Violent Unravell  Hex/Alch       0%         3d3       100%        5
 Bombard                  Conj/Erth      0%         9d1       100%        6
 Gell's Gavotte           Tloc           0%         2d(11-16) 100%        6
 Plasma Beam              Fire/Air       0%         2x1d10    100%        6
 Enfeeble                 Hex            0%         N/A       100%        7
 Magnavolt                Erth/Air       0%         3d9       100%        7
 Seismic Cannonade        Alch/Erth      0%         6d4       100%        7
 Ignition                 Fire           0%         3d3       100%        8
 Maxwell's Capacitive Co  Air            0%         ∞         100%        8
 Chain Lightning          Conj/Air       0%         N/A       100%        9
 Fire Storm               Conj/Fire      0%         5d1       100%        9
 Shatter                  Erth           0%         3d5*      100%        9


Dungeon Overview and Level Annotations

Branches:
Dungeon (15/15)            Temple (1/1) D:5            Lair (5/5) D:9
  Swamp (4/4) Lair:3       Spider (4/4) Lair:2        Slime (0/5) Lair:5
    Orc (2/2) D:11            Elf (1/3) Orc:2        Vaults (0/5) D:13
 Depths (0/4) D:15          IceCv (visited)         Gauntlet (visited)

Altars:
Ashenzari
Cheibriados
Dithmenos
Fedhas
Gozag
Hepliaklqana
Kikubaaqudgha
Makhleb
Nemelex Xobeh
Okawaru
Qazlal
Ru
Sif Muna
Trog
Uskayaw
Vehumet
Wu Jian
Xom
Yredelemnul
Beogh
Jiyva

Shops:
D:1 ?   D:5 (   D:8 *   Orc:1 *   Orc:2 =:[!


Innate Abilities, Weirdness & Mutations

You are immune to poison.
You have sharp fingernails.
Your flesh is cold resistant. (rC+)
You are immune to negative energy. (rN+++)
You do not regenerate when monsters are visible.
You are immune to unholy pain and torment.
You thrive by killing the living.


Message History

The shadow wraith holds its ground!
The shadow wraith is destroyed!
The substance of the Abyss twists violently, and a gateway leading out appears!
Your spectral smoke demon hits the starcursed mass but does no damage.
Your spectral smoke demon hits the starcursed mass.
The starcursed mass shudders and is absorbed by its neighbour.
There is a gateway leading out of the Abyss here.
You swap places.
A starcursed mass splits.
Your spectral smoke demon hits the starcursed mass but does no damage. x3
The starcursed mass touches your spectral smoke demon.
Unknown command.
You are confused.
You feel invigorated.
Your spectral smoke demon hits the starcursed mass but does no damage.
Your spectral smoke demon completely misses the starcursed mass.
Your spectral smoke demon hits the starcursed mass.
The starcursed mass shudders and is absorbed by its neighbour.
A starcursed mass splits. x2
You feel less invigorated.
You feel less confused.
A starcursed mass splits.
Your spectral smoke demon hits the starcursed mass.
The starcursed mass shudders and is absorbed by its neighbour.
A starcursed mass splits.
You swap places.
The starcursed mass touches your spectral smoke demon but does no damage.
The starcursed mass barely misses your spectral smoke demon.
There is a gateway leading out of the Abyss here.
You lose your grip on the chains of life and death.
Your spectral smoke demon hits the starcursed mass but does no damage. x3
The starcursed mass touches your spectral smoke demon.
Something touches your spectral smoke demon!
Your spectral smoke demon is destroyed!
You pass through the gate.
Welcome back to the Elven Halls!
Your mindless puppets stay behind to rot.
The deep elf sorcerer points at you and mumbles some strange words.
The sphere of damnation explodes!
The damnation engulfs you!!!
You die...
You join the legions of the undead harvest. .#.# .## #.# .ee

#.# ... #.#
##'####+###.#
#..ß#⌠:=#...#####
+e.©#_::#©...§ZZ###
#).ß#⌠:[#...###.X..
##@####+###.# ####.
####...#ßSW.ß#.# ##
#....[)..#...#.# #
....##.##.##..⌠#.#
# ... ... ... .#.#
# .# #.#. #.#..ß#.#
# #### ## ## ## .
e. ##Z .. ## ##X#


You could see a deep elf sorcerer, a deep elf pyromancer and 2 deep elf
zephyrmancers.

Vanquished Creatures
  A tentacled starspawn (Abyss:2)
  Kirke (D:12)
  2 thorn hunters (Swamp:4)
  A daeva (Abyss:2)
  A fenstrider witch (Swamp:4)
  2 emperor scorpions (Spider:4)
  A deep elf sorcerer (Elf:1)
  3 ghost moths (Spider:4)
  The ghost of P0WERM0DE the Prestidigitator, a journeyman CoCK of Jiyva (Orc:2)
  2 very ugly things (Abyss:2)
  Nessos (D:12)
  3 eleionomae
  A minotaur (Gauntlet)
  A bunyip (Swamp:1)
  A fire dragon (Lair:5)
  An entropy weaver (Spider:1)
  A shambling mangrove (Swamp:4)
  A deep elf high priest (Elf:1)
  2 rakshasas (D:15)
  5 hydras
  A boulder beetle (Spider:3)
  A radroach (Spider:4)
  2 jorogumos
  3 alligators
  2 dancing weapons (Elf:1)
  A centaur warrior (D:14)
  2 two-headed ogres
  5 death scarabs (Spider:4)
  3 death yaks (Lair:5)
  A demonic crawler (Spider:4)
  A spectral mutant beast (D:9)
  An occultist (D:15)
  2 orc high priests (Orc:2)
  A spriggan berserker (Swamp:2)
  A wretched star (Abyss:2)
  Amaemon (Lair:2)
  2 skysharks (Lair:5)
  Lodul (D:10)
  7 pharaoh ants
  2 skeletal warriors (D:15)
  A spriggan rider (Swamp:2)
  The ghost of Gandelf the Skirmisher, a novice SpCj of Xom (Orc:1)
  3 goliath frogs
  A shadow wraith (D:14)
  4 spriggan druids
  4 orb spiders
  6 swamp dragons
  A large abomination (Abyss:2)
  2 steelbarb worms (Spider:4)
  An arcanist (D:13)
  2 bog bodies (IceCv)
  A spectral wolf spider (Spider:4)
  4 orc knights
  A deep elf zephyrmancer (Elf:1)
  A necromancer (D:15)
  2 harpies (Lair:5)
  A lindwurm (Swamp:4)
  3 starcursed masses (Abyss:2)
  A cyclops (D:15)
  5 ugly things
  A will-o-the-wisp (Swamp:2)
  2 orc sorcerers (Orc:2)
  7 wolf spiders
  A kobold blastminer (Orc:2)
  5 elephants
  3 moths of wrath (Spider:4)
  A meliai (shapeshifter) (Abyss:2)
  2 meliai (D:15)
  An orange demon (D:10)
  A black mamba (Lair:2)
  An ice statue (IceCv)
  4 cane toads
  2 smoke demons (Abyss:2)
  A spectral redback (Spider:4)
  An unseen horror (D:13)
  A centaur skeleton (D:15)
  A kobold demonologist (D:12)
  Maggie (D:6)
  4 rime drakes
  2 ice devils
  2 redback zombies (Spider:4)
  3 anaconda simulacra (IceCv)
  4 komodo dragons
  3 tyrant leeches
  10 tarantellas
  2 trolls
  A demonic crawler zombie (Spider:3)
  2 hornets
  A wind drake (Lair:5)
  2 jumping spider zombies (Spider:4)
  A spectral tarantella (Spider:4)
  2 polar bears
  A raiju (Abyss:2)
  A tarantella zombie (Spider:4)
  10 jumping spiders
  A culicivora zombie (Spider:4)
  2 blink frogs (Lair:5)
  A spectral jumping spider (Spider:4)
  A snapping turtle (Lair:5)
  11 dream sheep
  8 culicivoras
  3 shadows (Gauntlet)
  5 slime creatures (D:9)
  5 wyverns
  22 yaks
  3 spriggans
  A water elemental (D:11)
  A fire elemental (D:14)
  3 basilisks
  A hog (shapeshifter) (D:15)
  9 humans
  A steam dragon (Lair:4)
  8 vampire mosquitoes
  17 redbacks
  A death yak simulacrum (IceCv)
  A chaos spawn (D:10)
  6 swamp worms
  An acid dragon (D:12)
  A harpy simulacrum (IceCv)
  Duvessa (D:4)
  6 water moccasins
  3 swamp drakes
  2 ice beasts
  A laughing skull (Abyss:2)
  7 orc warriors
  A black bear (Lair:2)
  The ghost of P0WERM0DE the Trooper, an amateur CoCK of Xom (D:3)
  8 ogres
  4 centaurs
  15 wolves
  2 phantoms
  A brain worm (Abyss:2)
  2 kobold brigands
  2 bullfrogs (Lair:3)
  A hell hound zombie (D:14)
  8 two-headed ogre simulacra (IceCv)
  A cane toad simulacrum (IceCv)
  2 scorpions
  A gnoll sergeant (D:7)
  5 wights (D:9)
  Dowan (D:4)
  2 elephant simulacra (IceCv)
  5 killer bees
  4 electric eels
  2 howler monkeys (D:9)
  A bombardier beetle (D:5)
  4 gnoll boudas
  25 orc priests
  3 jellies
  An iron imp (Abyss:2)
  7 spriggan simulacra
  3 iguanas
  16 orc wizards
  3 troll simulacra (IceCv)
  A mutant beast (D:7)
  3 polar bear simulacra (IceCv)
  2 wolf simulacra (IceCv)
  Robin (D:4)
  7 gnolls
  4 naga simulacra (IceCv)
  6 adders
  A shadow imp (D:7)
  11 white imps
  8 ufetubi
  A dart slug (D:5)
  36 orcs
  4 bats
  7 endoplasms
  6 goblins
  5 hobgoblins
  2 jackals (D:4)
  3 quokkas
  7 ball pythons
  11 kobolds
  3 rats
  A starspawn tentacle (Abyss:2)
598 creatures vanquished.

Vanquished Creatures (collateral kills)
  A tentacled monstrosity (Swamp:1)
  The ghost of lilalause the Slicer, an adept KoDe of Dithmenos (Swamp:4)
  A fenstrider witch (Swamp:1)
  Donald (Swamp:4)
  Aizul (Swamp:4)
  2 emperor scorpions
  Louise (D:15)
  2 ghost moths
  A reaper (Gauntlet)
  2 ghouls (Swamp:4)
  2 very ugly things (Abyss:2)
  2 eleionomae (Swamp:3)
  3 spark wasps
  Azrael (D:14)
  A bunyip (Swamp:2)
  A deep elf annihilator (Elf:1)
  A spectral fenstrider witch (Swamp:4)
  The ghost of Theblade121 the Slicer, a journeyman DsMo of Gozag (D:14)
  A fire dragon (D:15)
  Josephine (Orc:1)
  2 entropy weavers (Spider:3)
  Fannar (D:10)
  24 hydras
  4 alligators
  A merfolk avatar (Lair:5)
  2 jorogumos
  A catoblepas (D:13)
  A centaur warrior (D:13)
  A radroach (Spider:4)
  3 boulder beetles
  2 two-headed ogres
  A dancing weapon (Elf:1)
  A tengu warrior (D:15)
  2 death scarabs (Spider:4)
  7 demonic crawlers
  Urug (D:12)
  Nergalle (Lair:3)
  A deep elf knight (Swamp:2)
  3 orc high priests (Orc:2)
  2 spectral spriggans (Swamp:4)
  2 skeletal warriors (D:15)
  5 pharaoh ants
  A skyshark (Lair:4)
  A shadow wraith (Abyss:2)
  3 spriggan riders (Swamp:2)
  5 goliath frogs
  2 deep elf archers (Elf:1)
  A glowing orange brain (D:9)
  4 spriggan druids
  6 swamp dragons
  4 orb spiders (Spider:3)
  A spectral wolf spider (Spider:4)
  4 bog bodies
  A mana viper (Abyss:2)
  A phantasmal warrior (D:14)
  3 lindwurms
  A fenstrider witch simulacrum (Swamp:4)
  An obsidian bat (Orc:1)
  2 deep elf pyromancers (D:15)
  3 orc knights
  A wolf spider zombie (D:15)
  3 steelbarb worms
  3 will-o-the-wisps
  A manticore (Lair:5)
  11 ugly things
  5 wolf spiders
  4 cyclopes
  An orc sorcerer (Orc:2)
  4 moths of wrath
  4 elephants
  A meliai (D:15)
  A meliai (shapeshifter) (D:15)
  A centaur zombie (D:15)
  A kobold blastminer (Orc:2)
  2 rust devils (D:10)
  12 cane toads
  2 black mambas
  A smoke demon (Abyss:2)
  3 gargoyles
  A kobold demonologist (D:12)
  A centaur skeleton (D:15)
  3 orange demons
  A spectral redback (Spider:4)
  7 komodo dragons
  2 tengu conjurers (D:15)
  An efreet (D:14)
  A swamp worm zombie (Swamp:4)
  2 rime drakes
  5 ice devils (D:10)
  A red devil (D:10)
  A wind drake (Lair:5)
  A polar bear (Lair:5)
  2 spectral tarantellas (Spider:4)
  5 trolls
  A spectral jumping spider (Spider:4)
  13 tarantellas
  3 tyrant leeches
  A hellwing (Gauntlet)
  2 jumping spider zombies (Spider:4)
  7 blink frogs
  A snapping turtle (Lair:5)
  A tarantella zombie (Spider:4)
  15 jumping spiders
  4 hornets
  A dream sheep (Lair:3)
  10 culicivoras
  Sigmund (D:6)
  2 slime creatures (D:9)
  3 spriggans
  A water elemental (Elf:1)
  8 humans (D:13)
  A shadow (Gauntlet)
  2 wyverns (Lair:5)
  5 wraiths (Orc:1)
  18 yaks
  5 fire elementals (D:14)
  2 hogs (D:12)
  17 vampire mosquitoes
  A warg (Orc:1)
  6 basilisks
  A steam dragon (D:7)
  21 redbacks
  A death yak simulacrum (IceCv)
  2 chaos spawn (D:11)
  6 swamp worms
  8 water moccasins
  A hell hound (D:14)
  A hornet zombie (D:15)
  A meliai simulacrum (D:15)
  16 orc warriors
  7 swamp drakes
  2 ice beasts (D:7)
  4 black bears
  2 laughing skulls (Abyss:2)
  14 wolves
  3 ogres
  A centaur (D:9)
  A kobold brigand (D:10)
  Blork the orc (D:4)
  6 bullfrogs
  A scorpion (D:6)
  A wight (D:9)
  A cane toad simulacrum (IceCv)
  A spriggan zombie (Swamp:2)
  3 killer bees
  3 electric eels
  A howler monkey (D:5)
  4 jellies
  A quasit (Abyss:2)
  A hound (D:4)
  A bombardier beetle (D:3)
  11 orc priests
  2 starcursed masses (Abyss:2)
  An iguana (D:5)
  A gnoll bouda (D:6)
  A sleepcap (D:6)
  17 orc wizards
  6 spriggan simulacra
  4 mutant beasts (D:7)
  12 gnolls
  2 swamp drake zombies
  2 adders
  2 shadow imps (Gauntlet)
  8 white imps
  5 ufetubi
  A ribbon worm (D:4)
  32 orcs
  An endoplasm (D:4)
  4 goblins
  2 hobgoblins (D:4)
  2 ball pythons
  A frilled lizard (D:2)
  7 kobolds
  An orc zombie (Orc:2)
  A rat (D:3)
  A starspawn tentacle (Abyss:2)
609 creatures vanquished.

Vanquished Creatures (others)
  A spectral human (D:15)
  A rakshasa (D:15)
  Erolcha (D:13)
  An emperor scorpion zombie (Spider:4)
  A ghost moth zombie (Spider:4)
  An alligator zombie (Swamp:3)
  3 ugly thing zombies (D:15)
  A harpy (Lair:5)
  3 wolf spider zombies
  An eleionoma zombie (Swamp:1)
  A spectral efreet (D:14)
  4 orb spider zombies
  6 redback zombies
  A swamp worm zombie (Swamp:4)
  A spectral culicivora (Spider:3)
  2 steelbarb worm zombies (Spider:4)
  A spectral entropy weaver (Spider:4)
  A harpy zombie (Lair:5)
  A blink frog (Lair:2)
  2 demonic crawler zombies
  4 tarantella zombies
  2 moth of wrath zombies (Spider:4)
  A radroach zombie (Spider:4)
  5 jumping spider zombies
  2 human zombies (D:15)
  3 culicivora zombies
  2 wind drake zombies (Lair:5)
  A wyvern (Lair:5)
  A slime creature zombie (D:9)
  A spriggan zombie (Swamp:2)
  A spectral smoke demon (Abyss:2)
  A spectral hellwing (Gauntlet)
  3 cane toad zombies
  A snapping turtle zombie (Lair:5)
  An orc warrior (Orc:2)
  A hornet zombie (Swamp:2)
  A blink frog zombie (Lair:5)
  2 elephant zombies (Lair:5)
  3 swamp dragon zombies (Swamp:4)
  3 wyvern zombies
  A water moccasin zombie (Lair:2)
  A cyclops zombie (D:15)
  2 yak zombies
  A polar bear zombie (Lair:5)
  A killer bee (D:11)
  A raiju zombie (Abyss:2)
  A tengu zombie (D:15)
  A troll zombie (Orc:2)
  A bullfrog zombie (D:8)
  7 wolf zombies
  A black bear zombie (D:6)
  2 centaur zombies
  A basilisk zombie (D:15)
  An orc wizard (Orc:2)
  3 killer bee zombies
  An acid dragon zombie (D:12)
  A brain worm zombie (Abyss:2)
  2 ogre zombies
  2 swamp drake zombies (Swamp:4)
  An elf zombie (D:4)
  A jelly zombie (D:6)
  2 mutant beast zombies (D:7)
  A spectral shadow imp (Gauntlet)
  7 spectral white imps
  An adder zombie (D:6)
  A ball python zombie (D:4)
  7 gnoll zombies
  5 goblin zombies (D:4)
  2 hobgoblin zombies (D:4)
  A kobold zombie (D:10)
  32 orc zombies
  8 spectral ufetubi
  19 foxfires
  A lurking horror (Abyss:2)
  25 starspawn tentacles
218 creatures vanquished.

Grand Total: 1425 creatures vanquished

Notes
Turn   | Place    | Note
-------+----------+-------------------------------------------
     0 | D:1      | Revguard the Ghoul Monk began the quest for the Orb.
     0 | D:1      | Reached XP level 1. HP: 19/19 MP: 1/1
    78 | D:1      | Reached XP level 2. HP: 15/26 MP: 2/2
   287 | D:1      | Found Qapruodu's Magic Scroll Shoppe.
   296 | D:1      | Bought a scroll of identify for 26 gold pieces
   296 | D:1      | Bought a scroll of teleportation for 39 gold pieces
   772 | D:2      | Found a basalt altar of Yredelemnul.
   778 | D:2      | Became a worshipper of Yredelemnul the Fallen
   778 | D:2      | Reached * piety under Yredelemnul
   778 | D:2      | Reached ** piety under Yredelemnul
  1316 | D:3      | Reached XP level 3. HP: 31/31 MP: 3/3
  1352 | D:3      | Reached skill level 1 in Armour
  1352 | D:3      | Reached skill level 1 in Shields
  1462 | D:3      | Found an iron altar of Okawaru.
  1475 | D:3      | Reached skill level 1 in Invocations
  1475 | D:3      | Reached XP level 4. HP: 20/38 MP: 4/4
  1563 | D:3      | Found a large runed translucent door.
  1564 | D:3      | Found a large runed translucent door.
  1576 | D:3      | Noticed P0WERM0DE's ghost (amateur CoCK)
  1642 | D:3      | Found a shimmering altar of Xom.
  1668 | D:3      | Found a shimmering altar of Xom.
  2045 | D:3      | Killed P0WERM0DE's ghost
  2046 | D:3      | Reached skill level 1 in Evocations
  2046 | D:3      | Reached XP level 5. HP: 36/46 MP: 3/6
  2112 | D:4      | Noticed Blork the orc
  2118 | D:4      | Killed Blork the orc
  2150 | D:4      | Reached XP level 6. HP: 51/52 MP: 7/7
  2186 | D:4      | Noticed Robin
  2211 | D:4      | Killed Robin
  2211 | D:4      | Reached *** piety under Yredelemnul
  2268 | D:4      | Noticed Duvessa
  2268 | D:4      | Noticed Dowan
  2277 | D:4      | Killed Dowan
  2282 | D:4      | Your ally Dowan died
  2286 | D:4      | Your ally Blork died
  2298 | D:4      | Killed Duvessa
  2530 | D:4      | Reached XP level 7. HP: 55/59 MP: 8/8
  2972 | D:5      | Entered Level 5 of the Dungeon
  3119 | D:5      | Found a staircase to the Ecumenical Temple.
  3144 | Temple   | Entered the Ecumenical Temple
  3598 | D:5      | Reached XP level 8. HP: 56/67 MP: 10/10
  4041 | D:5      | Found Fysemuv's Weapon Shoppe.
  4196 | D:6      | Noticed Sigmund
  4210 | D:6      | Reached skill level 5 in Fighting
  4218 | D:6      | Killed Sigmund
  4364 | D:6      | Reached XP level 9. HP: 20/74 MP: 6/11
  4375 | D:6      | Noticed Maggie
  4449 | D:6      | Reached **** piety under Yredelemnul
  4705 | D:6      | Killed Maggie
  4706 | D:6      | Reached skill level 5 in Armour
  4706 | D:6      | Reached skill level 5 in Shields
  4722 | D:6      | Identified 3 scrolls of acquirement
  4722 | D:6      | Acquired the +5 helmet of Xemp {rElec rC+ rN++ SInv}
  4734 | D:6      | Acquired the +1 pair of gloves of Fortification {rCorr
                  | Dex+3}
  4735 | D:6      | Acquired a manual of Shields
  5178 | D:7      | Noticed a juvenile fireweird beast
  5196 | D:7      | Killed a juvenile fireweird beast
  5196 | D:7      | Bound a juvenile fireweird beast
  5394 | D:7      | Found a shadowy altar of Dithmenos.
  5571 | D:7      | Reached skill level 5 in Axes
  5920 | D:7      | Found a shimmering blue altar of Sif Muna.
  6253 | D:8      | Reached XP level 10. HP: 78/83 MP: 13/13
  6307 | D:8      | Reached skill level 5 in Dodging
  6394 | D:8      | Found a hazy altar of Hepliaklqana.
  6602 | D:8      | Reached skill level 5 in Invocations
  6823 | D:8      | Found Gunteofu's General Store.
  6830 | D:8      | Bought a scroll of identify for 26 gold pieces
  6830 | D:8      | Bought a wand of warping (3) for 93 gold pieces
  6830 | D:8      | Bought a scroll of identify for 26 gold pieces
  6830 | D:8      | Bought a scroll of identify for 26 gold pieces
  7012 | D:9      | Noticed a two-headed ogre
  7019 | D:9      | Killed a two-headed ogre
  7121 | D:9      | Found a radiant altar of Vehumet.
  7152 | D:9      | Found a transporter.
  7152 | D:9      | Noticed a glowing orange brain
  7155 | D:9      | Found a viscous altar of Jiyva.
  7156 | D:9      | Found a transporter.
  7246 | D:9      | Reached XP level 11. HP: 92/92 MP: 15/15
  7657 | D:9      | Found a staircase to the Lair.
  7789 | D:10     | Entered Level 10 of the Dungeon
  7810 | D:10     | Noticed a two-headed ogre
  7815 | D:10     | Killed a two-headed ogre
  7816 | D:10     | Reached skill level 5 in Evocations
  7838 | D:10     | Reached ***** piety under Yredelemnul
  7931 | D:10     | Noticed Lodul
  7948 | D:10     | Killed Lodul
  8181 | D:10     | Noticed a brown ugly thing
  8197 | D:10     | Killed a brown ugly thing
  8437 | D:10     | Reached XP level 12. HP: 101/101 MP: 17/17
  8453 | D:10     | Noticed Fannar
  8453 | D:10     | Noticed a boulder beetle
  8458 | D:10     | Killed Fannar
  8462 | D:10     | Killed a boulder beetle
  8636 | D:10     | Found a stormy altar of Qazlal.
  8636 | D:10     | Found a blossoming altar of Fedhas.
  8913 | D:11     | Noticed a two-headed ogre
  8920 | D:11     | Killed a two-headed ogre
  9016 | D:11     | Found a gate leading to a gauntlet.
  9024 | Gauntlet | Entered a Gauntlet
  9024 | Gauntlet | Found a transporter.
  9028 | Gauntlet | Found a transporter.
  9040 | Gauntlet | Found a transporter.
  9044 | Gauntlet | Found a transporter.
  9055 | Gauntlet | Noticed a reaper
  9060 | Gauntlet | Found a transporter.
  9073 | Gauntlet | Noticed a reaper
  9074 | Gauntlet | Found a transporter.
  9083 | Gauntlet | Noticed a death yak
  9085 | Gauntlet | Noticed a death yak
  9087 | Gauntlet | Found a transporter.
  9087 | Gauntlet | Noticed a death yak
  9107 | Gauntlet | Found a transporter.
  9111 | Gauntlet | Found a transporter.
  9119 | Gauntlet | Found a transporter.
  9141 | Gauntlet | Found a transporter.
  9145 | Gauntlet | Found a transporter.
  9253 | Gauntlet | Killed a reaper
  9502 | Gauntlet | Noticed a minotaur
  9511 | Gauntlet | Killed a minotaur
  9741 | D:11     | Found a shimmering altar of Xom.
  9741 | D:11     | Found the +7 mace of Variability {chaos, chaos arc}
  9914 | D:11     | Found a staircase to the Orcish Mines.
  9921 | D:11     | Found a roughly hewn altar of Beogh.
 10438 | D:9      | Reached XP level 13. HP: 110/110 MP: 4/18
 10638 | D:12     | Noticed Nessos
 10644 | D:12     | Noticed Rupert
 10653 | D:12     | Killed Nessos
 10653 | D:12     | Killed Rupert
 10653 | D:12     | Bound Rupert
 10787 | D:12     | Found a hide-covered altar of Uskayaw.
 11015 | D:12     | Noticed Kirke
 11023 | D:12     | Noticed a sphinx
 11029 | D:12     | Killed Kirke
 11284 | D:12     | Noticed Urug
 11292 | D:12     | Killed Urug
 11677 | D:13     | Found a gate to the Vaults.
 11694 | D:13     | Reached skill level 10 in Armour
 11792 | D:13     | Reached skill level 10 in Shields
 11876 | D:13     | Identified the +1 scale mail of Freedom {rF++ rC+++ Dex-2
                  | Stlth+}
 12103 | D:13     | Noticed Erolcha
 12106 | D:13     | Killed Erolcha
 12336 | D:14     | Noticed Azrael
 12348 | D:14     | Killed Azrael
 12349 | D:14     | Reached skill level 10 in Axes
 12559 | D:14     | Reached XP level 14. HP: 109/119 MP: 20/20
 12679 | D:14     | Found a runed translucent gate.
 12679 | D:14     | Found a runed translucent gate.
 12679 | D:14     | Found a runed translucent gate.
 12681 | D:14     | Noticed Theblade121's ghost (journeyman DsMo)
 12712 | D:14     | Killed Theblade121's ghost
 12838 | D:14     | Reached skill level 10 in Fighting
 13141 | D:14     | Your ally Azrael died
 13448 | D:15     | Entered Level 15 of the Dungeon
 13533 | D:15     | Noticed Louise
 13540 | D:15     | Killed Louise
 13685 | D:15     | Found a staircase to the Depths.
 13861 | D:15     | Your ally Rupert died
 14090 | D:15     | Your ally Louise died
 14495 | D:15     | Found an ornate altar of the Wu Jian Council.
 14867 | D:15     | Reached XP level 15. HP: 106/128 MP: 22/22
 15325 | Lair:1   | Entered Level 1 of the Lair of Beasts
 15332 | Lair:1   | Identified the +0 pair of boots "Vusoe" {Str+2 Int+4}
 16259 | Lair:2   | Reached ****** piety under Yredelemnul
 16414 | Lair:2   | Reached skill level 10 in Invocations
 16449 | Lair:2   | Noticed Amaemon
 16467 | Lair:2   | Killed Amaemon
 16596 | Lair:2   | Found a hole to the Spider Nest.
 17358 | Lair:3   | Noticed Nergalle
 17362 | Lair:3   | Killed Nergalle
 17656 | Lair:3   | Found a staircase to the Swamp.
 18240 | Lair:4   | Found a frozen archway.
 18258 | IceCv    | Entered an ice cave
 18756 | IceCv    | Found the +2 Maxwell's thermic engine {flame, freeze, rev}
 19264 | Lair:4   | Reached XP level 16. HP: 138/138 MP: 23/23
 19562 | Lair:5   | Entered Level 5 of the Lair of Beasts
 19637 | Lair:5   | Got an earthy gem with 103 turns to spare
 20003 | Lair:5   | Found a viscous altar of Jiyva.
 20004 | Lair:5   | Found a staircase to the Slime Pits.
 20751 | Spider:1 | Entered Level 1 of the Spider Nest
 21111 | Spider:1 | Identified the +0 ring mail "Qirhexzu" {rPois rF- Int+2}
 22563 | Spider:3 | Reached XP level 17. HP: 146/146 MP: 25/25
 22885 | Spider:3 | Reached skill level 10 in Dodging
 23186 | Spider:4 | Entered Level 4 of the Spider Nest
 23930 | Spider:4 | Reached skill level 10 in Evocations
 23994 | Spider:4 | Got a gossamer rune of Zot
 24329 | Spider:4 | Noticed Mlioglotl
 24339 | Spider:4 | Killed Mlioglotl
 24339 | Spider:4 | Bound Mlioglotl
 24800 | Orc:1    | Entered Level 1 of the Orcish Mines
 24824 | Orc:1    | Found Peisoin's Practical Paraphernalia.
 24877 | Orc:1    | Reached XP level 18. HP: 156/156 MP: 26/26
 24890 | Orc:1    | Found a runed translucent door.
 24890 | Orc:1    | Noticed Gandelf's ghost (novice SpCj)
 24900 | Orc:1    | Killed Gandelf's ghost
 25281 | Orc:2    | Entered Level 2 of the Orcish Mines
 25281 | Orc:2    | Found a runed translucent gate.
 25281 | Orc:2    | Found a runed translucent gate.
 25281 | Orc:2    | Found a runed translucent gate.
 25326 | Orc:2    | Found a staircase to the Elven Halls.
 25424 | Orc:2    | Found Nuhe's Distillery.
 25424 | Orc:2    | Found Qoixas's Antique Armour Shop.
 25440 | Orc:2    | Found Xourith's Jewellery Boutique.
 25446 | Orc:2    | Found Zalorch's Book Boutique.
 25493 | Orc:2    | Bought a manual of Fighting for 1040 gold pieces
 25494 | Orc:2    | Bought a potion of heal wounds for 60 gold pieces
 25494 | Orc:2    | Bought a potion of might for 48 gold pieces
 25494 | Orc:2    | Bought a potion of might for 48 gold pieces
 25494 | Orc:2    | Bought a potion of heal wounds for 60 gold pieces
 25552 | Orc:2    | Identified the +2 plate armour of Kuedur Cayne {Harm rPois
                  | Regen+ Int-5}
 25554 | Orc:2    | Noticed P0WERM0DE's ghost (journeyman CoCK)
 25770 | Orc:2    | Found a roughly hewn altar of Beogh.
 25791 | Orc:2    | Killed P0WERM0DE's ghost
 26033 | Orc:1    | Noticed Josephine
 26039 | Orc:1    | Killed Josephine
 26401 | Swamp:1  | Entered Level 1 of the Swamp
 26949 | Swamp:1  | Noticed a tentacled monstrosity
 26959 | Swamp:1  | Killed a tentacled monstrosity
 27923 | Swamp:4  | Entered Level 4 of the Swamp
 28032 | Swamp:4  | Noticed Donald
 28041 | Swamp:4  | Killed Donald
 28052 | Swamp:4  | Found a runed translucent gate.
 28052 | Swamp:4  | Found a runed translucent gate.
 28052 | Swamp:4  | Found a runed translucent gate.
 28156 | Swamp:4  | Reached XP level 19. HP: 99/167 MP: 18/28
 28296 | Swamp:4  | Got a decaying rune of Zot
 28359 | Swamp:4  | Identified the serpent talisman "Olocets" {Will+ Int+5}
 28359 | Swamp:4  | Noticed Aizul
 28367 | Swamp:4  | Killed Aizul
 28370 | Swamp:4  | Reached skill level 15 in Axes
 28581 | Swamp:4  | Noticed lilalause's ghost (adept KoDe)
 28603 | Swamp:4  | Killed lilalause's ghost
 29235 | Swamp:3  | Reached skill level 15 in Armour
 29715 | Elf:1    | Entered Level 1 of the Elven Halls
 29938 | Elf:1    | Found a transporter.
 29942 | Elf:1    | Found a radiant altar of Vehumet.
 29957 | Elf:1    | Reached skill level 15 in Fighting
 29963 | Abyss:2  | Cast into level 2 of the Abyss (a deep elf sorcerer)
 30246 | Abyss:2  | Found a corrupted altar of Lugonu.
 30262 | Abyss:2  | Paralysed by accursed screaming for 2 turns
 30291 | Elf:1    | Escaped the Abyss
 30291 | Elf:1    | Killed from afar by a deep elf sorcerer

Illustrated notes

Levels and vault maps discovered:
D:1:      dpeg_arrival_rooms_with_view, layout_basic, serial_shops, shop,
          nicolae_figureground_pulse
D:2:      layout_rooms, basic_altar
D:3:      layout_basic, xom_redecorated, okawaru_ov_weapons_minmay,
          ebering_ghost_disaster_area
D:4:      layout_gridville, serial_bayou_crossing, uniq_robin, uniq_duvessa,
          uniq_blork_the_orc
D:5:      minmay_inner_zag, layout_basic, minmay_temple_entry_junction_2,
          serial_shops, shop
D:6:      layout_cave_pools, grunt_ministairs_2, uniq_maggie, uniq_sigmund
D:7:      layout_layer_cave, general_overflow_altar, grunt_dithmenos_smoke,
          dk_vineyard_3, st_stairs_3, hex_medium, nicolae_beast_mode
D:8:      layout_loops_cross, zin_treasury, nicolae_hepliaklqana_hazy_memory,
          serial_shops, shop, nicolae_nh_ransacked_shop
D:9:      gammafunk_jiyva_shrine, layout_loops_cross, vehumet_crystals,
          lair_entry_dummy, nicolae_zen_rock_garden,
          chequers_serial_rivers_room_a, minivault_4
D:10:     layout_roguey, grunt_temple_overflow_forces_of_nature, serial_demonic,
          serial_demonic_c, serial_demonic_f, serial_demonic_d,
          serial_demonic_a, serial_demonic_b, serial_demonic_e, uniq_fannar,
          uniq_lodul
D:11:     layout_basic, minmay_orc_entry_temple_small, gauntlet_entry_generic,
          minmay_guarded_unrand_variability
D:12:     layout_stronghold, nicolae_uskayaw_murder_on_the_dancefloor,
          uniq_rupert, uniq_kirke, uniq_urug, uniq_nessos
D:13:     layout_roguey, david_vaults_3, uniq_erolcha
D:14:     layout_irregular_city, chequers_jeans, gammafunk_ghost_spectres,
          uniq_azrael
D:15:     grunt_enter_depths_magical_seal, layout_grid_maze,
          nzn_wu_jian_council_hall, minmay_circle_x, uniq_louise
Temple:   oiseaux_autumnal_temple
Lair:1:   layout_cave_pods, serial_bayou_lagoon_b, infiniplex_staircase_pool_2
Lair:2:   layout_layer_cave, nicolae_spider_entry_tight_spaces,
          grunt_forest_large_clearing_hut, lemuel_fruit_tree,
          infiniplex_staircase_pool, uniq_amaemon
Lair:3:   layout_gridlike, mainiacjoe_swamp_entry_lozenge_pond,
          serial_bayou_shore_b, uniq_nergalle
Lair:4:   layout_big_grid, portal_ice_cave_entry_imps, grunt_megastairs_5
Lair:5:   gammafunk_lair_ancient_temple, layout_regular_city, slime_entry_2,
          hellmonk_talismancer
Swamp:1:  layout_falls_marsh, evilmike_swamp_ruin_house_5, swamp_pool_4,
          nicolae_swamp_tree_isthmus, nicolae_swamp_long_stream
Swamp:2:  cheibrodos_swamp_heart_of_darkness, layout_basic_swamp,
          nicolae_swamp_very_dense_foliage, swamp_pool_1_2
Swamp:3:  layout_falls_marsh, evilmike_swamp_ruin_house_3,
          nicolae_swamp_decorative_isthmus
Swamp:4:  swamp_alternative, layout_basic_swamp, gammafunk_ghost_necromancy,
          uniq_aizul, uniq_donald
Spider:1: layout_spider_delve
Spider:2: layout_chambers, hangedman_spider_tarantella_strand
Spider:3: nicolae_orb_stairs_large
Spider:4: floodkiller_spider_rune_tomb, uniq_mlioglotl
Orc:1:    layout_caves, gammafunk_ghost_grave, nicolae_alphabet_shops,
          uniq_josephine
Orc:2:    st_orc_mages, layout_caves, biasface_ghost_orc_armoury
Elf:1:    gammafunk_sealed_library, layout_geoelf_diagonals, guppyfry_elf_altar,
          minmay_shoptagon, uniq_nikola

Skill      XL: |  1  2  3  4  5  6  7  8  9 10 11 12 13 14 15 16 17 18 19 |
---------------+----------------------------------------------------------+-----
Armour         | 1 2 3 4 5 7 8 9 10 11 12 13 14 15 | 15.2
Shields        | 1 2 3 4 5 6 8 9 10 11 12 13 | 13.9
Dodging        | 3 4 5 6 7 8 9 10 11 | 11.5
Invocations    | 1 2 3 4 5 6 7 8 9 10 11 12 13 | 13.2
Axes           | 3 4 5 6 7 9 10 11 12 13 14 15 | 15.4
Evocations     | 1 2 3 4 5 6 7 8 9 10 11 | 11.2
Fighting       | 4 5 6 7 8 9 10 11 12 14 15 | 15.2

Action                     |  1- 3 |  4- 6 |  7- 9 | 10-12 | 13-15 | 16-18 | 19-21 || total
---------------------------+-------+-------+-------+-------+-------+-------+-------++-------
  Melee: Hand axe          |    84 |    93 |   181 |       |       |       |       ||   358
         Flail             |       |       |   130 |       |       |       |       ||   130
         Broad axe         |       |       |    42 |   406 |   777 |   860 |   184 ||  2269
 Invoke: Light the Black T |     2 |     1 |     4 |     4 |     9 |    10 |     2 ||    32
         Recall Undead Har |       |     1 |     2 |     4 |     2 |     1 |     2 ||    12
         Hurl Torchlight   |       |       |     3 |       |       |     2 |     1 ||     6
         Bind Soul         |       |       |     1 |       |     1 |     3 |       ||     5
         Fathomless Shackl |       |       |       |     1 |     1 |     3 |     1 ||     6
  Evoke: Wand              |       |     1 |     4 |     5 |    12 |     5 |     2 ||    29
         Tin of tremorston |       |       |       |       |     1 |       |       ||     1
         Box of beasts     |       |       |       |       |     1 |     1 |     1 ||     3
         Lightning rod     |       |       |       |       |     1 |       |       ||     1
    Use: Scroll            |     4 |       |    13 |     7 |    11 |     4 |       ||    39
         Potion            |       |     2 |     4 |     1 |     5 |     6 |     3 ||    21
   Stab: Paralysed         |       |     6 |       |       |    23 |       |       ||    29
         Distracted        |       |       |     4 |     4 |    10 |    33 |     5 ||    56
         Sleeping          |       |       |     1 |       |     3 |       |       ||     4
         Invisible         |       |       |       |       |     9 |       |       ||     9
         Confused          |       |       |       |       |     5 |       |       ||     5
         Held in net/web   |       |       |       |       |       |     1 |     1 ||     2
         Fleeing           |       |       |       |       |       |     9 |     7 ||    16
         Petrifying        |       |       |       |       |       |     1 |       ||     1
 Armour: Robe              |    16 |       |       |       |       |       |       ||    16
         Ring mail         |    34 |    62 |    94 |       |       |       |       ||   190
         Chain mail        |       |       |    88 |       |       |       |       ||    88
         Acid dragon scale |       |       |    50 |   155 |    71 |       |       ||   276
         Scale mail        |       |       |       |       |   469 |   451 |    66 ||   986
  Dodge: Dodged            |    43 |    41 |   304 |   281 |   500 |   516 |    60 ||  1745
         Repelled          |       |       |       |     1 |    20 |    18 |    18 ||    57
  Block: Other             |     9 |     9 |    84 |     9 |       |       |       ||   111
         Reflection        |       |       |     1 |     3 |    32 |    27 |     4 ||    67
         Kite shield       |       |       |       |   364 |   266 |       |       ||   630
         Tower shield      |       |       |       |       |   971 |  1631 |   203 ||  2805

Table legend: (Time is in decaauts)
 A = Elapsed time spent in this place.
 B = Non-inter-level travel time spent in this place.
 C = Inter-level travel time spent in this place.
 D = Time resting spent in this place.
 E = Time spent auto-exploring this place.
 F = Levels seen in this place.
 G = Mean time per level.
                   A        B        C        D        E       F      G
               +--------+--------+--------+--------+--------+-----+--------+
         Total |  30887 |  29259 |   1628 |    785 |  21122 |  35 |  882.5 |
       Dungeon |  15354 |  14527 |    827 |    295 |  10929 |  15 | 1023.6 |
        Temple |      1 |      1 |      0 |      0 |      0 |   1 |    1.0 |
          Lair |   5076 |   4601 |    475 |      0 |   3426 |   5 | 1015.2 |
         Swamp |   3117 |   2987 |    130 |      0 |   2157 |   4 |  779.2 |
   Spider Nest |   3972 |   3888 |     84 |    284 |   2598 |   4 |  993.0 |
  Orcish Mines |   1479 |   1369 |    110 |      0 |    954 |   2 |  739.5 |
   Elven Halls |    248 |    248 |      0 |      0 |    178 |   1 |  248.0 |
         Abyss |    326 |    326 |      0 |      0 |    143 |   1 |  326.0 |
      Ice Cave |    811 |    811 |      0 |      0 |    568 |   1 |  811.0 |
      Gauntlet |    500 |    500 |      0 |    206 |    168 |   1 |  500.0 |
               +--------+--------+--------+--------+--------+-----+--------+

Top non-repeatable levels by time:
    D:15: 1782 daAuts
Spider:4: 1474 daAuts
  Lair:2: 1343 daAuts
     D:5: 1250 daAuts
    D:10: 1236 daAuts
  Lair:5: 1178 daAuts
    D:14: 1174 daAuts
     D:9: 1161 daAuts
Spider:2: 1100 daAuts
     D:7: 1086 daAuts
    D:12: 1051 daAuts
    D:11: 1031 daAuts
     D:6: 1004 daAuts
 Swamp:4: 997 daAuts
  Lair:3: 982 daAuts
